 Dungeon Crawl Stone Soup version 0.20.1-1-g8b1a95d (webtiles) character file.

455 Frqise the Poker (level 7, -12/47 HPs)
             Began as a Merfolk Skald on July 4, 2017.
             Killed by divine providence
             ... invoked by an orc priest
              (15 damage)
             ... on level 4 of the Dungeon.
             The game lasted 00:42:58 (6601 turns).

Frqise the Poker (Merfolk Skald)                    Turns: 6601, Time: 00:42:59

Health: -12/47     AC:  6    Str: 12    XL:     7   Next: 5%
Magic:  10/10      EV: 13    Int: 14    God:    Xom [....*.]
Gold:   194        SH:  3    Dex: 13    Spells: 7/10 levels left

rFire    + . .     SeeInvis .   a - +0 spear
rCold    x . .     Gourm    .   y - +0 buckler (curse)
rNeg     . . .     Faith    .   b - +0 leather armour
rPois    .         Spirit   .   (no helmet)
rElec    .         Reflect  .   (no cloak)
rCorr    .         Harm     .   w - +0 pair of gloves
MR       .....                  (no boots)
Stlth    +.........             (no amulet)
Regen    0.2/turn               x - ring of fire
MPRegen  0.2/turn               (no ring)

@: no status effects
A: change form in water, swift swim, stealthy swim, icy blue scales 1, frail 1
a: Renounce Religion


You were on level 4 of the Dungeon.
You worshipped Xom.
You were a beloved toy of Xom.
You were full.

You visited 1 branch of the dungeon, and saw 4 of its levels.

You collected 194 gold pieces.

Inventory:

Hand Weapons
 a - a +0 spear (weapon)
 e - a +0 dagger
 f - a +0 whip
 h - a +0 club
 i - a +0 short sword
 k - a +0 club
 n - a +0 short sword
 r - a +0 longbow
 v - a +0 blowgun
 z - a +0 club
 A - a cursed -3 club
 F - a +0 falchion
Missiles
 g - 55 arrows
 q - 15 poisoned needles
 B - 8 curare-tipped needles
 D - 15 bolts
Armour
 b - a +0 leather armour (worn)
 u - a +0 ring mail
 w - a +0 pair of gloves (worn)
 y - a cursed +0 buckler (worn)
 C - a +0 pair of gloves
Jewellery
 x - a ring of fire (left hand)
Scrolls
 l - a scroll of identify
 p - a scroll of remove curse
Potions
 d - a potion of might
 o - a potion of berserk rage {unknown}
 E - a potion of agility
Books
 c - a book of Battle

   Spells                             Type                      Level
   a - Infusion                       Charms                       1
   b - Shroud of Golubria             Charms/Translocation         2
   c - Song of Slaying                Charms                       2
   d - Spectral Weapon                Hexes/Charms                 3
   e - Regeneration                   Charms/Necromancy            3
 t - a book of Cantrips

   Spells                             Type                      Level
   a - Confusing Touch                Hexes                        1
   b - Animate Skeleton               Necromancy                   1
   c - Summon Small Mammal            Summoning                    1
   d - Apportation                    Translocation                1
Comestibles
 m - 2 meat rations
 s - 4 fruits


   Skills:
 + Level 3.8 Fighting
 + Level 6.0 Polearms
 + Level 2.4 Armour
 + Level 5.3 Dodging
 + Level 0.2 Stealth
 + Level 2.2 Spellcasting
 + Level 3.7 Charms


You had 7 spell levels left.
You knew the following spells:

 Your Spells              Type           Power        Failure   Level  Hunger
a - Infusion              Chrm           ##..         11%         1    #......
b - Song of Slaying       Chrm           ##......     16%         2    ###....


Dungeon Overview and Level Annotations

Branches:
Dungeon (4/15)
 Temple: D:4-7

Altars:
Cheibriados
Gozag
Uskayaw
Xom


Innate Abilities, Weirdness & Mutations

You revert to your normal form in water.
You are very nimble and swift while swimming.
You are very stealthy in the water. (Stealth+)
You are partially covered in icy blue scales. (AC +2)
You are frail. (-10% HP)


Message History

The orc priest is moderately wounded.
You hit the orc priest but do no damage.
The orc priest is moderately wounded.
The orc priest mumbles some strange prayers to Beogh against you.
Pain shoots through your body!
The orc priest mumbles some strange prayers to Beogh against you.
Beogh smites you!
You hit the orc priest but do no damage.
The orc priest is moderately wounded.
The orc priest invokes the aid of Beogh against you.
Beogh smites you!
* * * LOW HITPOINT WARNING * * *
As you read the scroll of fog, it crumbles to dust.
The scroll dissolves into smoke.
The orc priest invokes the aid of Beogh against you.
You struggle to resist.
The orc priest calls down the wrath of Beogh upon you.
Beogh smites you!
You die...
Xom titters!

#####.#.. ## #.# ..
#.# P.##.##.#
P.....§o#
.PP.###.##§#
#♣♣♣P.P# #o#
#......# #§#
#....#.## ##@#####.#
#....... #§§§.....#
#.....#####.#.####.#
#........##.#.#### #
#....(........#..#.#
#.....##.##........#
##.##.##.......P♣..#
#...#.#######..♣P..#
# #...............##


You could see an orc priest.

Vanquished Creatures
  An ogre (D:4)
  A hound (D:4)
  Jessica (D:3)
  Natasha (twice) (D:3)
  A worker ant (D:4)
  A hound skeleton (D:4)
  Robin (D:3)
  5 adders
  A gnoll (D:1)
  2 oozes (D:2)
  3 worms
  A dart slug (D:1)
  4 leopard geckos
  5 orcs
  8 bats
  2 giant cockroaches
  13 goblins
  11 hobgoblins
  7 jackals
  11 kobolds
  4 quokkas
  6 frilled lizards
  A jackal skeleton (D:4)
  A quokka skeleton (D:4)
  2 rats
95 creatures vanquished.

Vanquished Creatures (collateral kills)
  An orc priest (D:4)
  An orc wizard (D:4)
  3 orcs (D:4)
  2 frilled lizards (D:4)
7 creatures vanquished.

Grand Total: 102 creatures vanquished

Notes
Turn   | Place    | Note
-------+----------+-------------------------------------------
     0 | D:1      | Frqise the Merfolk Skald began the quest for the Orb.
     0 | D:1      | Reached XP level 1. HP: 16/16 MP: 3/3
   142 | D:1      | Reached XP level 2. HP: 6/23 MP: 5/5
   360 | D:1      | Learned a level 2 spell: Song of Slaying
   541 | D:1      | Gained mutation: You are frail. (-10% HP) [potion of mutation]
   541 | D:1      | Gained mutation: You are partially covered in icy blue scales. (AC +2) [potion of mutation]
   542 | D:1      | HP: 1/20 [gnoll/club (7)]
   546 | D:1      | Reached XP level 3. HP: 18/25 MP: 4/6
  1352 | D:2      | Reached skill level 4 in Polearms
  1352 | D:2      | Reached skill level 1 in Armour
  2073 | D:2      | Reached XP level 4. HP: 27/31 MP: 7/7
  3261 | D:3      | Reached XP level 5. HP: 19/36 MP: 8/8
  3278 | D:3      | Noticed Robin
  3411 | D:3      | Killed Robin
  3907 | D:3      | Found a snail-covered altar of Cheibriados.
  3959 | D:3      | Noticed Natasha
  3977 | D:3      | Killed Natasha
  4463 | D:3      | HP: 1/36 [poisoned by kobold (curare-tipped needle)]
  4898 | D:3      | Noticed Jessica
  4913 | D:3      | Killed Jessica
  4913 | D:3      | Reached skill level 5 in Polearms
  4919 | D:3      | Reached XP level 6. HP: 38/42 MP: 9/9
  5024 | D:3      | Noticed Natasha
  5039 | D:3      | Killed Natasha
  5696 | D:4      | Found a shimmering altar of Xom.
  5697 | D:4      | Found a hide-covered altar of Uskayaw.
  5715 | D:4      | Reached skill level 5 in Dodging
  5719 | D:4      | Found an opulent altar of Gozag.
  5752 | D:4      | Became a worshipper of Xom of Chaos
  5829 | D:4      | XOM: divination: detect items
  5871 | D:4      | XOM: fog
  5912 | D:4      | HP: 2/43 [poisoned by a worker ant]
  5920 | D:4      | HP: 2/43 [poisoned by a worker ant]
  5976 | D:4      | XOM: god gift: club {god gift}
  6529 | D:4      | Reached XP level 7. HP: 42/47 MP: 10/10
  6532 | D:4      | Reached skill level 6 in Polearms
  6601 | D:4      | Killed from afar by an orc priest

Skill      XL: |  1  2  3  4  5  6  7 |
---------------+----------------------+-----
Dodging        | 3 4 5 |  5.3
Polearms       | 4 5 6 |  6.0
Armour         | 1 2 |  2.4
Fighting       | 3 |  3.8
Stealth        | |  0.2
Spellcasting   | |  2.2
Charms         | |  3.7

Action                   |  1- 3 |  4- 6 |  7- 9 || total
-------------------------+-------+-------+-------++-------
Melee: Spear             |   148 |   427 |    24 ||   599
 Cast: Infusion          |     1 |       |       ||     1
       Song of Slaying   |       |     1 |       ||     1
  Use: Potion            |     2 |     2 |       ||     4
       Scroll            |       |     6 |     1 ||     7
 Stab: Sleeping          |     1 |     1 |       ||     2
  Eat: Bread ration      |     1 |     2 |       ||     3
       Meat ration       |       |     2 |       ||     2
       Chunk             |       |     1 |       ||     1
Armor: Leather armour    |    29 |    89 |     2 ||   120
Dodge: Dodged            |    78 |   310 |     8 ||   396
Block: Buckler           |       |     4 |     1 ||     5
